 Dungeon Crawl Stone Soup version 0.31-a0-750-gfe7b580527 (webtiles) character file.

Game seed: 6476044587669992386

5619 Newt the Fighter (level 10, -2/66 HPs)
             Began as a Gargoyle Fighter on Sept 14, 2023.
             Was a High Priest of Okawaru.
             Killed from afar by a starcursed mass (12 damage)
             ... with an accursed screaming
             ... on level 1 of the Abyss.
             The game lasted 00:10:34 (7791 turns).

Newt the Fighter (Gargoyle Fighter)                 Turns: 7791, Time: 00:10:34

Health: -2/66      AC: 17    Str: 24    XL:     10   Next: 73%
Magic:  0/10       EV: 13    Int:  9    God:    Okawaru [*****.]
Gold:   325        SH: 11    Dex: 15    Spells: 9/9 levels left

rFire   . . .        B - +7 long sword of Vunaimp {pain, +Blink}
rCold   x . .        t - +2 kite shield
rNeg    + . .        b - +0 scale mail
rPois   ∞            (no helmet)
rElec   +            (no cloak)
rCorr   .            l - +1 pair of gloves
SInv    .            (no boots)
Will    .....        r - amulet of Zoqyr {Spirit Harm rC- Will- Regen+} Stlth
                     q - +6 ring of dexterity
HPRegen 1.11/turn    s - +5 ring of evasion
MPRegen 0.12/turn

%: harm (+30% outgoing, +20% incoming), guardian spirit
@: no status effects
A: sickness immunity, AC +7, negative energy resistance 1, electricity
resistance, torment resistance 1, petrification resistance
a: Renounce Religion, Evoke Blink, Heroism, Finesse, Duel


You were on level 1 of the Abyss.
You worshipped Okawaru.
Okawaru was extremely pleased with you.
You visited 3 branches of the dungeon, and saw 11 of its levels.
You visited the Abyss 1 time.
You also visited: Sewer.

You collected 648 gold pieces.
You spent 323 gold pieces at shops.

Inventory:

Hand Weapons
 a - a +0 flail
 n - the +5 quarterstaff "Rigiuqops" {flame, *Slow Int+3 Stlth+}
   (You found it on level 3 of the Dungeon)

   Int+3:     It affects your intelligence (+3).
   *Slow:     It may slow you when you take damage.
   Stlth+:    It makes you more stealthy.
 B - the +7 long sword of Vunaimp (weapon) {pain, +Blink}
   (You bought it in a shop on level 7 of the Dungeon)

   +Blink:    It lets you blink.
Missiles
 m - 11 poisoned darts
Armour
 b - a +0 scale mail (worn)
 c - a +0 buckler
 l - a +1 pair of gloves (worn)
 t - a +2 kite shield (worn)
 I - +0 acid dragon scales
 J - a +0 leather armour of fire resistance
 K - a +0 chain mail of cold resistance
Jewellery
 k - an amulet of faith
 q - a +6 ring of dexterity (left hand)
 r - the amulet of Zoqyr (around neck) {Spirit Harm rC- Will- Regen+}
   (You acquired it on level 4 of the Dungeon)

   [amulet of guardian spirit]

   Spirit:    It causes incoming damage to be divided between your reserves of
   health and magic.
   rC-:       It makes you vulnerable to cold.
   Will-:     It decreases your willpower.
   Regen+:    It increases your rate of health regeneration.
   Harm:      It increases damage dealt and taken.
 s - a +5 ring of evasion (right hand)
 u - an amulet of the acrobat
 E - a ring of protection from fire
 F - a ring of protection from fire
Wands
 p - a wand of flame (17)
 M - a wand of roots (4)
Scrolls
 d - 3 scrolls of enchant armour
 e - 2 scrolls of silence
 f - 4 scrolls of teleportation
 o - a scroll of torment
 v - a scroll of amnesia
 w - a scroll of enchant weapon {unknown}
 y - a scroll of poison {unknown}
 C - a scroll of fear {unknown}
 D - a scroll of vulnerability {unknown}
 H - a scroll of blinking {unknown}
 L - a scroll of identify
Potions
 g - 3 potions of degeneration
 i - a potion of haste
 j - 2 potions of ambrosia
 x - a potion of cancellation
 z - a potion of enlightenment
 A - a potion of resistance
 G - 2 potions of lignification {unknown}
 N - a potion of mutation {unknown}


   Skills:
 - Level 9.0 Fighting
 - Level 9.0 Long Blades
 - Level 3.2(4.3) Maces & Flails
 - Level 4.4(5.0) Staves
 - Level 7.0 Armour
 - Level 3.2 Shields
 + Level 3.4 Necromancy
 - Level 3.2 Evocations


You had 9 spell levels left.
You didn't know any spells.
Your spell library contained the following spells:

 Spells                   Type           Power      Damage    Failure   Level
 Vampiric Draining        Necr           6%         2d6       82%         3
 Magic Dart               Conj           0%         1d3       89%         1
 Slow                     Hex            0%         N/A       89%         1
 Searing Ray              Conj           0%         2d4       96%         2
 Static Discharge         Conj/Air       0%         2-2/arc   96%         2
 Confusing Touch          Hex            0%         N/A       99%         3
 Ignite Poison            Fire/Tmut/Pois 0%         N/A       99%         3
 Sigil of Binding         Hex            0%         N/A       99%         3
 Stone Arrow              Conj/Erth      0%         3d7       99%         3
 Airstrike                Air            0%         2d(0-16)  100%        4
 Dimensional Bullseye     Hex/Tloc       0%         N/A       100%        4
 Fulminant Prism          Conj/Hex       0%         3d5       100%        4
 Leda's Liquefaction      Hex/Erth       0%         N/A       100%        4
 Sticky Flame             Conj/Fire      0%         2d3       100%        4
 Ignition                 Fire           0%         3d3       100%        8
 Lehudib's Crystal Spear  Conj/Erth      0%         10d2      100%        8
 Call Canine Familiar     Summ           Unusable   N/A       N/A         3
 Animate Armour           Summ/Erth      Unusable   N/A       N/A         4
 Summon Lightning Spire   Summ/Air       Unusable   N/A       N/A         4

Dungeon Overview and Level Annotations

Branches:
Dungeon (9/15)             Temple (1/1) D:4            Lair (1/5) D:9
  Sewer (visited)
    Orc: D:9-12

Altars:
Ashenzari
Cheibriados
Dithmenos
Elyvilon
Fedhas
Gozag
Hepliaklqana
Kikubaaqudgha
Makhleb
Nemelex Xobeh
Okawaru
Qazlal
Ru
Sif Muna
Trog
Uskayaw
Vehumet
Wu Jian
Xom
Yredelemnul
Zin
The Shining One

Shops:
D:3 [   D:7 *([

Annotations:
D:9 Psyche


Innate Abilities, Weirdness & Mutations

You are immune to sickness and miasma.
Your stone body is resilient. (AC +7)
You are immune to poison.
You resist negative energy. (rN+)
You are resistant to electric shocks. (rElec)
You are resistant to unholy torment.
You are immune to petrification.


Message History

You escape the starspawn tentacle's grasp.
You block the starspawn tentacle's attack.
Unknown command.
Your extra speed is starting to run out.
You block the starspawn tentacle's attack. x2
You block the starspawn tentacle's attack.
You feel better.
You block the starspawn tentacle's attack.
A thrashing horror comes into view.
You block the starspawn tentacle's attack.
Found a gateway leading deeper into the Abyss.
A blizzard demon comes into view.
You feel yourself slow down. The starspawn tentacle grabs you.
The starspawn tentacle constricts you.
The starspawn tentacle's grasp on you weakens, but your attempt to escape fails.
The blizzard demon gestures at you. The bolt of lightning hits you! You resist.
* * * LOW HITPOINT WARNING * * *
The starspawn tentacle loses its grip on you.
The tentacle pulls you backwards! 2 starspawn tentacle segments come into view.
The starspawn tentacle closely misses you. 2 starspawn tentacle segments come into view.
Unknown command.
Unknown command.
Okay, then.
As you read the scroll of torment, it crumbles to dust.
Your body is wracked with pain!
* * * LOW HITPOINT WARNING * * *
You block the thrashing horror's attack.
The thrashing horror closely misses you.
A chorus of shrieks assaults your mind.
* * * LOW HITPOINT WARNING * * *
The starspawn tentacle misses you.
The starspawn tentacle closely misses you.
Unknown command.
Unknown command.
You feel better. A chorus of shrieks assaults your mind.
You die...

....>... ...... #......#
...... .##......##......
..................
................2. .
................. .
.........Λ........
............│@w.......
.... ........Xw........
......##....X.##......
##......##......##......
...
..................... ..
..................... .
.......................
..
.......XX.............
.... ................


You could see 2 starcursed masses, a tentacled starspawn, a blizzard demon, a
thrashing horror and 2 starspawn tentacles.

Vanquished Creatures
  Pikel (D:8)
  Maggie (D:8)
  2 hornets
  Grinder (D:4)
  The ghost of hgbash the Changeling, an amateur DrSh (D:4)
  2 steam dragons
  2 water moccasins
  3 orc warriors
  2 black bears
  Pargi (Sewer)
  5 ice beasts
  2 centaurs
  2 ogres
  2 phantoms
  A gnoll sergeant (D:8)
  6 bullfrogs
  2 kobold brigands (D:8)
  A scorpion (D:6)
  A wight (D:9)
  12 killer bees
  A howler monkey (D:5)
  A jelly (D:6)
  A hound (D:4)
  A gnoll bouda (D:6)
  7 orc priests
  4 iguanas
  A sleepcap (D:5)
  7 orc wizards
  9 adders
  10 gnolls
  A river rat (D:6)
  A shadow imp (D:6)
  2 ufetubi
  3 worms
  5 dart slugs
  70 orcs
  7 ball pythons
  11 bats
  7 endoplasms
  3 giant cockroaches
  2 goblins
  6 hobgoblins
  3 jackals (D:3)
  19 kobolds
  7 quokkas
  4 frilled lizards
  20 rats
  A starspawn tentacle (Abyss:1)
264 creatures vanquished.

Notes
Turn   | Place    | Note
-------+----------+-------------------------------------------
     0 | D:1      | Newt the Gargoyle Fighter began the quest for the Orb.
     0 | D:1      | Reached XP level 1. HP: 14/14 MP: 1/1
   140 | D:1      | Reached XP level 2. HP: 17/20 MP: 2/2
   770 | D:2      | Reached XP level 3. HP: 12/24 MP: 3/3
  1286 | D:2      | Reached skill level 5 in Fighting
  1344 | D:3      | Reached XP level 4. HP: 28/31 MP: 4/4
  1532 | D:3      | Found a faded altar of an unknown god.
  1704 | D:3      | Identified the +5 quarterstaff "Rigiuqops" {flame, *Slow
                  | Int+3 Stlth+}
  1706 | D:3      | Found Foben's Armour Shoppe.
  2032 | D:4      | Reached skill level 1 in Staves
  2032 | D:4      | Reached XP level 5. HP: 35/35 MP: 5/5
  2033 | D:4      | Found a staircase to the Ecumenical Temple.
  2047 | Temple   | Entered the Ecumenical Temple
  2065 | Temple   | Became a worshipper of Warmaster Okawaru
  2146 | D:4      | Noticed Grinder
  2157 | D:4      | Paralysed by Grinder for 3 turns
  2163 | D:4      | Paralysed by Grinder for 3 turns
  2170 | D:4      | Killed Grinder
  2170 | D:4      | Reached * piety under Okawaru
  2171 | D:4      | Reached XP level 6. HP: 26/40 MP: 6/6
  2176 | D:4      | Identified a scroll of acquirement
  2176 | D:4      | Acquired the amulet of Zoqyr {Spirit Harm rC- Will- Regen+}
  2511 | D:4      | Found a runed translucent door.
  2511 | D:4      | Noticed hgbash's ghost (amateur DrSh)
  2824 | D:4      | Reached XP level 7. HP: 44/44 MP: 7/7
  2928 | D:4      | Killed hgbash's ghost
  2929 | D:4      | Reached skill level 5 in Armour
  3019 | D:5      | Entered Level 5 of the Dungeon
  3122 | D:5      | Reached ** piety under Okawaru
  3123 | D:5      | Reached XP level 8. HP: 50/50 MP: 8/8
  4200 | D:6      | Found a glowing drain.
  4205 | Sewer    | Entered a sewer
  4237 | Sewer    | Noticed Pargi
  4243 | Sewer    | Killed Pargi
  4400 | D:6      | Reached *** piety under Okawaru
  4406 | D:6      | Reached skill level 1 in Evocations
  4581 | D:6      | Reached XP level 9. HP: 59/60 MP: 7/9
  4845 | D:6      | Found a glowing golden altar of the Shining One.
  5015 | D:7      | Found Wiaxkok's Assorted Antiques.
  5026 | D:7      | Bought a translucent long sword for 323 gold pieces
  5026 | D:7      | Identified the +7 long sword of Vunaimp {pain, +Blink} (You
                  | bought it in a shop on level 7 of the Dungeon)
  5061 | D:7      | Reached skill level 1 in Long Blades
  5115 | D:7      | Noticed a hornet
  5125 | D:7      | Killed a hornet
  5424 | D:7      | Found Niufo's Antique Weapon Shoppe.
  5573 | D:7      | Found Ileragh's Armour Boutique.
  5573 | D:7      | Noticed an animated storm dragon scales
  5576 | D:7      | Noticed an animated pearl dragon scales
  5631 | D:7      | Found a bloodstained altar of Trog.
  5634 | D:7      | Found a shimmering altar of Xom.
  5634 | D:7      | Found an ornate altar of the Wu Jian Council.
  5636 | D:7      | Found an ornate altar of the Wu Jian Council.
  5636 | D:7      | Found an iron altar of Okawaru.
  5636 | D:7      | Found an iron altar of Okawaru.
  5788 | D:8      | Reached skill level 5 in Long Blades
  5858 | D:8      | Noticed Pikel
  5894 | D:8      | Killed Pikel
  5894 | D:8      | Reached **** piety under Okawaru
  5895 | D:8      | Reached XP level 10. HP: 42/66 MP: 8/10
  6483 | D:8      | Noticed Maggie
  6493 | D:8      | Killed Maggie
  6871 | D:9      | Found a hazy altar of Hepliaklqana.
  6940 | D:9      | Found a staircase to the Lair.
  7028 | Lair:1   | Entered Level 1 of the Lair of Beasts
  7034 | Lair:1   | Reached ***** piety under Okawaru
  7037 | Lair:1   | Reached skill level 1 in Necromancy
  7484 | D:9      | Found a radiant altar of Vehumet.
  7485 | D:9      | Found a sacrificial altar of Ru.
  7486 | D:9      | Found an ornate altar of the Wu Jian Council.
  7487 | D:9      | Found a broken altar of Ashenzari.
  7676 | D:9      | Noticed Psyche
  7685 | Abyss:1  | Found a corrupted altar of Lugonu.
  7685 | Abyss:1  | Cast into level 1 of the Abyss (Psyche)
  7729 | Abyss:1  | Noticed a starcursed mass
  7763 | Abyss:1  | Noticed a tentacled starspawn
  7775 | Abyss:1  | HP: 2/66 [starcursed mass/accursed screaming (9)]
  7786 | Abyss:1  | Noticed a thrashing horror
  7787 | Abyss:1  | Noticed a blizzard demon
  7791 | Abyss:1  | Killed from afar by a starcursed mass

Illustrated notes

Levels and vault maps discovered:
D:1:      giann_horns, layout_loops_ring
D:2:      layout_rooms
D:3:      layout_loops_ring, serial_shops, shop_statue, basic_ecumenical_altar,
          minmay_rat_hole
D:4:      layout_cave_pods, minmay_temple_entry_sparse_star,
          ebering_ghost_sewer_d, hangedman_decor_lopped, hex_tiny, uniq_grinder
D:5:      layout_gridville
D:6:      layout_loops_ring, tso_oasis_becter, gup_sewer_entry_spiral
D:7:      layout_basic, doesnt_xom_only_xom, serial_shops, shop,
          nicolae_shop_mannequins, nicolae_shop_overgrown_old_shop
D:8:      layout_basic, uniq_pikel, uniq_maggie
D:9:      layout_roguey [special_room_orc], mainiacjoe_overflow_alcove_3,
          lemuel_tele_altar, lair_entry_dummy, special_room [special_room_orc],
          uniq_grum, uniq_maurice, uniq_psyche
Temple:   nicolae_temple_bog_church
Lair:1:   minmay_lair_oklob_chamber, layout_small_grid, lemuel_fruit_fields,
          grunt_megastairs_3, infiniplex_staircase_pool, lemuel_fruit_tree,
          serial_bayou_shore_b
Abyss:1:  base:
D:15

Skill      XL: |  1  2  3  4  5  6  7  8  9 10 |
---------------+-------------------------------+-----
Fighting       | 4 5 9 |  9.0
Maces & Flails | 3 |  3.2
Staves         | 1 4 |  4.4
Armour         | 4 7 |  7.0
Evocations     | 2 3 |  3.2
Long Blades    | 6 9 |  9.0
Necromancy     | 3 |  3.4
Shields        | |  3.2

Action                     |  1- 3 |  4- 6 |  7- 9 | 10-12 || total
---------------------------+-------+-------+-------+-------++-------
  Melee: Flail             |   110 |    73 |       |       ||   183
         Quarterstaff      |       |    52 |   119 |       ||   171
         Long sword        |       |       |   109 |   247 ||   356
 Invoke: Heroism           |       |       |     1 |       ||     1
    Use: Scroll            |     2 |     4 |     3 |     4 ||    13
         Potion            |       |       |     6 |     5 ||    11
   Stab: Sleeping          |       |       |     2 |       ||     2
 Armour: Scale mail        |    79 |    88 |   175 |   122 ||   464
  Dodge: Dodged            |    61 |    66 |   188 |   114 ||   429
  Block: Buckler           |    27 |    20 |       |       ||    47
         Kite shield       |       |       |    58 |   126 ||   184

Table legend: (Time is in decaauts)
 A = Elapsed time spent in this place.
 B = Non-inter-level travel time spent in this place.
 C = Inter-level travel time spent in this place.
 D = Time resting spent in this place.
 E = Time spent auto-exploring this place.
 F = Levels seen in this place.
 G = Mean time per level.
                   A        B        C        D        E       F      G
               +--------+--------+--------+--------+--------+-----+--------+
         Total |   7943 |   7492 |    451 |    700 |   5107 |  13 |  611.0 |
       Dungeon |   7573 |   7157 |    416 |    554 |   5073 |   9 |  841.4 |
        Temple |     36 |      1 |     35 |      0 |      0 |   1 |   36.0 |
          Lair |    159 |    159 |      0 |    146 |      0 |   1 |  159.0 |
         Abyss |     90 |     90 |      0 |      0 |      0 |   1 |   90.0 |
         Sewer |     83 |     83 |      0 |      0 |     34 |   1 |   83.0 |
               +--------+--------+--------+--------+--------+-----+--------+

Top non-repeatable levels by time:
     D:8: 1086 daAuts
     D:6: 999 daAuts
     D:4: 962 daAuts
     D:5: 943 daAuts
     D:9: 789 daAuts
     D:1: 741 daAuts
     D:3: 714 daAuts
     D:7: 706 daAuts
     D:2: 630 daAuts
  Lair:1: 159 daAuts
 Abyss:1: 90 daAuts
   Sewer: 83 daAuts
  Temple: 36 daAuts
